 Dungeon Crawl Stone Soup version 0.26-a0-651-gb41185065b (webtiles) character file.

Game seed: 7854971089686803657

234152 gbos the Slayer (level 19, -13/191 HPs)
             Began as a Ghoul Monk on Oct 16, 2020.
             Was the Champion of Ru.
             Killed from afar by a rakshasa (28 damage)
             ... with a lance of force
             ... on level 2 of the Vaults.
             The game lasted 01:17:56 (47363 turns).

gbos the Slayer (Ghoul Monk)                       Turns: 47363, Time: 01:17:56

Health: -13/191    AC: 34    Str: 28    XL:     19   Next: 59%
Magic:  18/18      EV: 13    Int:  6    God:    Ru [******]
Gold:   2977       SH:  4    Dex: 10    Spells: 18/18 levels left

rFire    . . .     SeeInvis .     - Unarmed
rCold    + . .     Faith    .   U - +0 buckler "Koree" {Str+7}
rNeg     + + +     Spirit   .   H - +3 plate armour
rPois    ∞         Reflect  .   L - +1 helmet
rElec    .         Harm     .   s - +2 cloak
rCorr    .         Rampage  .   E - +1 pair of gloves
MR       +....                  v - +2 pair of boots {run}
Stlth    ..........             z - amulet of magic regeneration
HPRegen  0.00/turn              M - +4 ring of protection
MPRegen  0.41/turn              N - +4 ring of evasion

@: exhausted, marked, lightly drained, quick
A: rotting body, claws 1, clumsy 1, cold resistance 1, negative energy
resistance 3, screaming 1, inhibited regeneration, torment resistance,
unbreathing, inability to use devices, hated by all, no conjurations magic, no
earth magic, no transmutations magic, unskilled 1
}: 1/15 runes: serpentine
a: Draw Out Power, Power Leap, Apocalypse, Renounce Religion


You were on level 2 of the Vaults.
You worshipped Ru.
Ru was exalted by your worship.
You visited 5 branches of the dungeon, and saw 29 of its levels.

You collected 3766 gold pieces.
You spent 789 gold pieces at shops.


Innate Abilities, Weirdness & Mutations

Your body is rotting away.
You thrive by killing the living.
You are immune to poison.
You have sharp fingernails.
You are clumsy. (Dex -2)
Your flesh is cold resistant. (rC+)
You are immune to negative energy. (rN+++)
You occasionally shout uncontrollably at your foes.
You do not regenerate when monsters are visible.
You are immune to unholy pain and torment.
You can survive without breathing.
You cannot study or use magical devices.
You are hated by all.
You cannot study or cast Conjurations magic.
You cannot study or cast Earth magic.
You cannot study or cast Transmutations magic.
You are somewhat unskilled. (-1 Apt)


   Skills:
 + Level 22.1(21.8) Fighting
 - Level 12.0(11.7) Armour
 - Level 2.4(2.2) Dodging
 - Level 2.0(1.8) Stealth
 - Level 4.0(3.8) Shields
 - Level 21.0(20.7) Unarmed Combat


You had 18 spell levels left.
You didn't know any spells.
Your spell library contained the following spells:

 Spells                   Type           Power        Failure   Level
 Apportation              Tloc           #.....       98%         1
 Corona                   Hex            #......      98%         1
 Pain                     Necr           #...         98%         1
 Corpse Rot               Necr/Air       N/A          99%         2
 Ensorcelled Hibernation  Hex/Ice        #.....       99%         2
 Poisonous Vapours        Pois/Air       #.....       99%         2
 Swiftness                Air            #.......     99%         2
 Confusing Touch          Hex            #.......     100%        3
 Gell's Gravitas          Tloc           #.........   100%        3
 Portal Projectile        Hex/Tloc       #.....       100%        3
 Vampiric Draining        Necr           #.........   100%        3
 Airstrike                Air            #.........   100%        4
 Olgreb's Toxic Radiance  Pois           #.......     100%        4
 Excruciating Wounds      Necr           #.........   100%        5
 Metabolic Englaciation   Hex/Ice        #.........   100%        5
 Dispersal                Tloc           #.........   100%        6
 Ozocubu's Refrigeration  Ice            #.........   100%        6
 Disjunction              Tloc           #.........   100%        8
 Ignition                 Fire           #.........   100%        8
 Animate Skeleton         Necr           Unusable     N/A         1
 Beastly Appendage        Tmut           Unusable     N/A         1
 Sandblast                Erth           Unusable     N/A         1
 Shock                    Conj/Air       Unusable     N/A         1
 Sting                    Tmut/Pois      Unusable     N/A         1
 Summon Small Mammal      Summ           Unusable     N/A         1
 Passwall                 Tmut/Erth      Unusable     N/A         2
 Sublimation of Blood     Necr           Unusable     N/A         2
 Wereblood                Tmut           Unusable     N/A         2
 Conjure Flame            Conj/Fire      Unusable     N/A         3
 Dazzling Flash           Conj/Hex       Unusable     N/A         3
 Ignite Poison            Fire/Tmut/Pois Unusable     N/A         3
 Mephitic Cloud           Conj/Pois/Air  Unusable     N/A         3
 Spider Form              Tmut/Pois      Unusable     N/A         3
 Static Discharge         Conj/Air       Unusable     N/A         3
 Stone Arrow              Conj/Erth      Unusable     N/A         3
 Tukima's Dance           Hex            Unusable     N/A         3
 Ice Form                 Ice/Tmut       Unusable     N/A         4
 Petrify                  Tmut/Erth      Unusable     N/A         4
 Blade Hands              Tmut           Unusable     N/A         5
 Borgnjor's Vile Clutch   Necr/Erth      Unusable     N/A         5
 Fireball                 Conj/Fire      Unusable     N/A         5
 Lee's Rapid Deconstruct  Erth           Unusable     N/A         5
 Lightning Bolt           Conj/Air       Unusable     N/A         5
 Freezing Cloud           Conj/Ice/Air   Unusable     N/A         6
 Simulacrum               Ice/Necr       Unusable     N/A         6
 Starburst                Conj/Fire      Unusable     N/A         6

Inventory:

Hand Weapons
 b - a +0 hand crossbow of freezing
Missiles
 y - 5 throwing nets (quivered) {=f}
 A - 6 curare-tipped darts {=f}
 D - 495 bolts
Armour
 a - a +2 pair of boots
 q - a +0 plate armour of fire resistance
 s - a +2 cloak (worn)
 v - a +2 pair of boots of running (worn)
 C - a +2 chain mail of fire resistance
 E - a +1 pair of gloves (worn)
 H - a +3 plate armour (worn)
 L - a +1 helmet (worn)
 Q - a +4 scale mail of magic resistance
 U - the +0 buckler "Koree" (worn) {Str+7}

   It affects your strength (+7).
 Z - the +1 chain mail "Pecu" {rC+ Str+2 Stlth+}

   It affects your strength (+2).
   It protects you from cold.
   It makes you more stealthy.
Jewellery
 z - an amulet of magic regeneration (around neck)
 F - an uncursed ring of stealth
 G - an uncursed ring of protection from fire {unknown}
 M - a +4 ring of protection (left hand)
 N - a +4 ring of evasion (right hand)
 R - an uncursed ring of resist corrosion
 T - an uncursed ring of see invisible
 W - an uncursed ring of protection from cold
 Y - a +6 ring of dexterity
Scrolls
 c - 7 scrolls of fear
 f - a scroll of enchant armour
 i - 15 scrolls of remove curse
 k - 5 scrolls of identify {@r1}
 l - 2 scrolls of blinking
 p - 8 scrolls of teleportation {@r4}
 w - 8 scrolls of magic mapping
 x - a scroll of enchant weapon
 O - 9 scrolls of amnesia
 V - 2 scrolls of fog
 X - 3 scrolls of immolation {!r}
Potions
 d - 6 potions of haste {@q3}
 e - 2 potions of flight {unknown}
 g - a potion of resistance {unknown}
 h - 3 potions of berserk rage {unknown}
 j - 10 potions of brilliance
 m - 4 potions of lignification
 n - 14 potions of curing {@q1}
 o - 6 potions of might
 r - a potion of invisibility
 t - 4 potions of heal wounds {@q2}
 u - 2 potions of stabbing
 B - 6 potions of magic
 K - 6 potions of mutation
 S - 2 potions of ambrosia {unknown}

Dungeon Overview and Level Annotations

Branches:
Dungeon (15/15)            Temple (0/1) D:5            Lair (6/6) D:9
  Swamp (0/4) Lair:4        Snake (4/4) Lair:4        Slime (0/5) Lair:5
    Orc (2/2) D:11            Elf (0/3) Orc:2        Vaults (2/5) D:14
  Crypt (0/3) Vaults:2     Depths (0/5) D:15

Altars:
Ashenzari
Fedhas
Gozag
Okawaru
Qazlal
Ru
Sif Muna
Trog
Yredelemnul
Beogh
Jiyva

Shops:
D:6 =   D:10 ?   Orc:2 (:[*   Snake:2 (}   Snake:3 }   Vaults:1 [   Vaults:2 }

Annotations:
D:5 1 runed translucent door, Crazy Yiuf
D:7 2 transporters, kae's ghost, novice DsGl
D:11 2 runed translucent doors, exclusion: orange crystal statue
Snake:3 Roxanne ▒▒▒▒▒ ▒ ▒▒...▒▒ u▒ ▒ ▒▒.....▒▒ #▒ ▒▒▒ ▒.. ▒.......▒ uu▒

..▒ ▒..▒
▒.).▒▒▒u.▒
▒.▒
▒)..▒▒n▒▒.uu▒
..▒ ▒..R)ucu▒
..▒
▒▒▒▒▒+▒▒▒▒ ▒
..▒ ▒...▒...▒
▒ ▒.▒
▒▒.▒'...▒ ▒
..▒ ▒.▒.▒)..▒
▒ ▒▒▒▒▒▒▒
▒▒+▒.▒▒▒▒▒▒
▒▒▒▒▒ ......▒
▒.▒.▒.▒.▒.▒
▒.... ......▒
▒.▒.▒.▒..▒
▒....


You could see a cyan very ugly thing, a cyan ugly thing, a rakshasa (blind) and
a yaktaur.


Message History

The yaktaur captain is almost dead.
You redirect the yaktaur captain's attack!
The yaktaur captain hits itself.
The rakshasa closely misses you.
The yaktaur hits you but does no damage.
You barely miss the yaktaur captain.
The yaktaur captain is almost dead.
The yaktaur captain is stunned by your will and fails to attack.
You hit the yaktaur captain.
The yaktaur captain is almost dead.
You redirect the yaktaur's attack!
The yaktaur hits the cyan ugly thing!
The rakshasa hits you but does no damage.
You punch the yaktaur captain!
You kill the yaktaur captain!
The rakshasa is no longer blind.
The yaktaur hits you but does no damage.
You squash the yaktaur like an ant!!!
You kill the yaktaur!
The rakshasa hits you with a +0 glaive.
* * * LOW HITPOINT WARNING * * *
You focus your will and blind the rakshasa in retribution!
You closely miss the cyan ugly thing.
The cyan ugly thing is lightly wounded.
The cyan ugly thing punches you but does no damage.
You pummel the cyan ugly thing!!
The cyan ugly thing is heavily wounded.
The rakshasa gestures at you. The lance of force hits you!!
You die...

Action                   |  1- 3 |  4- 6 |  7- 9 | 10-12 | 13-15 | 16-18 | 19-21 || total
-------------------------+-------+-------+-------+-------+-------+-------+-------++-------
Melee: Unarmed           |    97 |   204 |   400 |   808 |  1427 |  1542 |   352 ||  4830
       Punch             |     2 |     6 |     8 |    27 |       |       |       ||    43
 Fire: Shortbow          |       |       |    16 |    15 |       |       |       ||    31
       Hand crossbow     |       |       |       |       |    10 |     5 |       ||    15
Invok: Sacrifice Arcana  |       |       |     1 |       |       |       |       ||     1
       Sacrifice Purity  |       |       |     1 |     1 |       |       |       ||     2
       Sacrifice Skill   |       |       |     1 |       |       |       |       ||     1
       Draw Out Power    |       |       |       |     6 |     2 |     2 |     1 ||    11
       Sacrifice Artific |       |       |       |     1 |       |       |       ||     1
       Apocalypse        |       |       |       |     3 |     3 |     5 |       ||    11
       Power Leap        |       |       |       |     2 |       |       |       ||     2
       Sacrifice Love    |       |       |       |     1 |       |       |       ||     1
  Use: Scroll            |       |       |     8 |     9 |    12 |    12 |       ||    41
       Potion            |       |       |       |     1 |     1 |     4 |       ||     6
 Stab: Sleeping          |     4 |     7 |       |     1 |       |       |       ||    12
       Paralysed         |       |       |     2 |    12 |    27 |    18 |       ||    59
       Invisible         |       |       |     5 |    10 |    14 |    11 |     4 ||    44
       Distracted        |       |       |       |     3 |     6 |    12 |     2 ||    23
       Petrified         |       |       |       |       |     7 |       |       ||     7
Armor: Robe              |    23 |    27 |       |       |       |       |       ||    50
       Scale mail        |       |       |    88 |   264 |   358 |       |       ||   710
       Chain mail        |       |       |   131 |   141 |       |       |       ||   272
       Plate armour      |       |       |       |       |    97 |   680 |   124 ||   901
       Skin              |       |       |       |       |    16 |       |       ||    16
Dodge: Dodged            |    79 |   140 |   189 |   335 |   657 |   578 |    95 ||  2073
Block: Buckler           |       |       |       |    28 |   250 |   192 |    23 ||   493

Levels and vault maps discovered:
D:1:      psy_arrival_basics, layout_loops_ring
D:2:      cheibrodos_pilgrimage, layout_rooms, nicolae_overflow_hidden_temple,
          lemuel_crystal_altar, supply_closet_lemuel, minmay_goblin_kobold_house
D:3:      layout_basic, chequers_ecumenical_altar_island, fedhas_ov_isle_minmay
D:4:      cheibrodos_helix_gallery, layout_cave_pools,
          nicolae_qazlal_eye_of_the_storm
D:5:      layout_loops_corners, lemuel_crystal_altar,
          nicolae_ru_great_annihilating_truth, lemuel_doored_altar,
          minmay_temple_entry_proselytizer, basic_altar, water_maze_lemuel,
          uniq_crazy_yiuf_cottage
D:6:      layout_gridville, serial_shops, kennysheep_little_box,
          minmay_misc_feat_doors
D:7:      layout_basic, lemuel_zombie_altar_yredelemnul,
          gammafunk_ghost_wrathful_warriors, uniq_menkaure
D:8:      layout_loops_cross
D:9:      minmay_the_grid_3x2 [minmay_the_grid_diamond_grid,
          minmay_the_grid_odd_star, minmay_the_grid_empty, minmay_the_grid_tree,
          minmay_the_grid_minigrid_medium,
          minmay_the_grid_prize_four_corners_diamond_a], layout_basic,
          lair_entry_dummy
D:10:     lemuel_ice_spiral_2, layout_rooms, serial_shops,
          nicolae_shop_behind_doors, yredelemnul_altar_generic, uniq_fannar
D:11:     layout_loops_cross, minmay_orc_entry_temple_small,
          chequers_guarded_unrand_ignorance
D:12:     layout_loops_ring
D:13:     layout_stronghold, corexii_checkpoint_a
D:14:     layout_cave_pods, david_vaults_4, serial_bayou_ford_a,
          minmay_crystal_water
D:15:     hangedman_depths_entry_try_elsewhere_first, layout_stronghold
Lair:1:   layout_loops_ring, lemuel_fruit_tree, uniq_harold, uniq_grum
Lair:2:   layout_gridlike, beast_lair_carwin_4, lemuel_fruit_fields,
          grunt_megastairs_1
Lair:3:   beast_lair_carwin_large_3, layout_loops_ring, basic_altar, uniq_rupert
Lair:4:   layout_gridlike, swamp_mist, guppyfry_snake_entry_garden
Lair:5:   layout_hall_layers, dpeg_slime_entry_enclosed_altar
Lair:6:   evilmike_catoblepas_cave, layout_regular_city, minivault_29,
          grunt_megastairs_2
Snake:1:  layout_gridlike
Snake:2:  hangedman_cross_stitches, layout_chambers, minmay_shoptagon,
          serial_bayou_shore_b, uniq_aizul
Snake:3:  layout_basic, serial_shops, shop, uniq_roxanne
Snake:4:  grunt_snake_rune_pools, layout_misc_corridors, uniq_vashnia,
          uniq_saint_roka
Orc:1:    layout_caves, minmay_orc_barracks, uniq_jorgrun
Orc:2:    st_orc_congregation, layout_diamond_mine, guppyfry_orc_lava_fort,
          uniq_azrael
Vaults:1: ontoclasm_vaults_hangar, nicolae_vaults_network_quinsquares
          [nicolae_vaults_network_quincunx_subvault,
          nicolae_vaults_network_quincunx_subvault,
          nicolae_vaults_network_quincunx_subvault,
          nicolae_vaults_network_quincunx_subvault], vaults_room_door_hall,
          nicolae_vaults_mini_display_case, hangedman_vaults_restitches,
          v_misc_30, layout_vaults_omnigrid, serial_shops, shop
Vaults:2: v_misc_25, nicolae_vaults_little_squares_5,
          minmay_crypt_entry_simple_box, hangedman_vaults_pinch,
          hangedman_vaults_stagger, hangedman_vaults_slice, v_pattern_3,
          vaults_room_pool, ontoclasm_vaults_claustrophobia,
          nicolae_vaults_quadrants, nicolae_vaults_little_squares_6,
          v_alt_pattern_2, v_misc_2, layout_vaults_omnibox, serial_shops, shop

Notes
Turn   | Place    | Note
-------+----------+-------------------------------------------
     0 | D:1      | gbos the Ghoul Monk began the quest for the Orb.
     0 | D:1      | Reached XP level 1. HP: 19/19 MP: 0/0
    23 | D:1      | HP: 4/19 [jackal (2)]
    29 | D:1      | HP: 4/19 [jackal (1)]
    33 | D:1      | Reached XP level 2. HP: 8/26 MP: 1/1
    36 | D:1      | HP: 6/26 [kobold (2)]
   469 | D:1      | Reached XP level 3. HP: 22/33 MP: 2/2
   593 | D:1      | Reached skill level 4 in Unarmed Combat
   686 | D:1      | Reached skill level 4 in Fighting
  1073 | D:2      | HP: 10/34 [bat (1)]
  1308 | D:1      | Reached XP level 4. HP: 37/41 MP: 3/3
  1333 | D:2      | Found a shimmering blue altar of Sif Muna.
  1860 | D:2      | Reached skill level 5 in Fighting
  1860 | D:2      | Reached skill level 5 in Unarmed Combat
  1860 | D:2      | Reached XP level 5. HP: 48/48 MP: 4/4
  2242 | D:3      | Reached XP level 6. HP: 49/56 MP: 5/5
  2406 | D:3      | Found a blossoming altar of Fedhas.
  2504 | D:3      | Found a faded altar of an unknown god.
  2765 | D:2      | Found a broken altar of Ashenzari.
  3307 | D:4      | Found a stormy altar of Qazlal.
  3343 | D:5      | Entered Level 5 of the Dungeon
  3350 | D:5      | Reached skill level 6 in Fighting
  3350 | D:5      | Reached skill level 6 in Unarmed Combat
  3395 | D:5      | Found a runed translucent door.
  3398 | D:5      | Noticed Crazy Yiuf
  3469 | D:5      | Reached XP level 7. HP: 40/64 MP: 6/6
  3656 | D:5      | Found an opulent altar of Gozag.
  3814 | D:5      | Found an iron altar of Okawaru.
  3980 | D:5      | Found a sacrificial altar of Ru.
  4013 | D:5      | Reached skill level 7 in Fighting
  4013 | D:5      | Reached skill level 7 in Unarmed Combat
  4019 | D:5      | Became a worshipper of Ru the Awakened
  4113 | D:5      | Gained mutation: You cannot study or cast Earth magic. [Ru
                  | sacrifice]
  4113 | D:5      | Gained mutation: You cannot study or cast Transmutations
                  | magic. [Ru sacrifice]
  4113 | D:5      | Gained mutation: You cannot study or cast Conjurations
                  | magic. [Ru sacrifice]
  4113 | D:5      | Reached * piety under Ru
  4264 | D:5      | Found a staircase to the Ecumenical Temple.
  4321 | D:5      | Reached XP level 8. HP: 70/73 MP: 7/7
  4363 | D:5      | Found an iron altar of Okawaru.
  4836 | D:6      | Reached skill level 8 in Fighting
  4836 | D:6      | Reached skill level 8 in Unarmed Combat
  4880 | D:6      | Noticed a troll
  4895 | D:6      | HP: 13/74 [troll (12)]
  4897 | D:6      | Killed a troll
  5514 | D:6      | Reached skill level 9 in Fighting
  5514 | D:6      | Reached skill level 9 in Unarmed Combat
  5660 | D:6      | Reached XP level 9. HP: 69/83 MP: 8/8
  5722 | D:6      | Found Tiece's Jewellery Emporium.
  5793 | D:6      | Gained mutation: You are somewhat unskilled. (-1 Apt) [Ru
                  | sacrifice]
  5793 | D:6      | Reduced skill Fighting to level 8
  5793 | D:6      | Reduced skill Unarmed Combat to level 8
  5793 | D:6      | Reached ** piety under Ru
  5793 | D:6      | Reached *** piety under Ru
  6069 | D:6      | Reached skill level 9 in Unarmed Combat
  6337 | D:7      | Reached skill level 9 in Fighting
  6559 | D:7      | Noticed Menkaure
  6860 | D:7      | Killed Menkaure
  6880 | D:7      | Found a transporter.
  6880 | D:7      | Found a transporter.
  6890 | D:7      | Noticed a moth of wrath
  6890 | D:7      | Noticed a troll
  6890 | D:7      | Noticed kae's ghost (novice DsGl)
  6893 | D:7      | Found a bloodstained altar of Trog.
  7096 | D:7      | Found a basalt altar of Yredelemnul.
  7218 | D:7      | Identified the +5 shortbow of Anwimebb {freeze, +Fly rF+
                  | rN+}
  7259 | D:7      | Reached skill level 10 in Fighting
  7259 | D:7      | Reached skill level 10 in Unarmed Combat
  7736 | D:7      | Gained mutation: You are clumsy. (Dex -2) [Ru sacrifice]
  8234 | D:8      | Reached XP level 10. HP: 84/93 MP: 9/9
  8889 | D:8      | Reached skill level 1 in Armour
  9208 | D:9      | Reached skill level 11 in Unarmed Combat
  9449 | D:9      | Reached skill level 2 in Armour
  9459 | D:9      | Found a staircase to the Lair.
  9491 | D:9      | Gained mutation: You cannot study or use magical devices.
                  | [Ru sacrifice]
  9491 | D:9      | Reached **** piety under Ru
  9491 | D:9      | Reached ***** piety under Ru
  9618 | D:9      | Noticed a white ugly thing
  9631 | D:9      | Killed a white ugly thing
  9667 | D:9      | Noticed a two-headed ogre
  9673 | D:9      | HP: 13/94 [two-headed ogre/+0 giant club (27)]
  9691 | D:9      | HP: 5/94 [two-headed ogre/+0 giant club (20)]
  9694 | D:9      | Killed a two-headed ogre
  9694 | D:9      | Reached skill level 3 in Armour
 10348 | D:9      | Reached skill level 4 in Armour
 10348 | D:9      | Reached XP level 11. HP: 50/101 MP: 10/10
 10633 | D:9      | Noticed a cyclops
 10644 | D:9      | Killed a cyclops
 10644 | D:9      | Reached skill level 12 in Unarmed Combat
 10764 | D:9      | Noticed a purple ugly thing
 10771 | D:9      | Killed a purple ugly thing
 11089 | D:9      | Got a fine buckler
 11105 | D:9      | Identified the cursed +0 buckler "Koree" {Str+7} (You found
                  | it on level 9 of the Dungeon)
 11127 | D:9      | Got a translucent dagger
 11223 | D:10     | Entered Level 10 of the Dungeon
 11246 | D:10     | Reached skill level 5 in Armour
 11250 | D:10     | HP: 28/101 [yak (8)]
 11473 | D:10     | Noticed Fannar
 11576 | D:10     | Killed Fannar
 11640 | D:10     | Gained mutation: You are hated by all. [Ru sacrifice]
 11844 | D:10     | Found a basalt altar of Yredelemnul.
 11947 | D:10     | Found Rehanwu's Magic Scroll Emporium.
 11950 | D:10     | Bought a scroll of identify for 26 gold pieces
 11950 | D:10     | Bought a scroll of amnesia for 45 gold pieces
 12265 | Lair:1   | Entered Level 1 of the Lair of Beasts
 12301 | Lair:1   | Noticed Harold
 12327 | D:9      | Reached skill level 6 in Armour
 12536 | D:9      | Killed Harold
 12629 | Lair:1   | Reached skill level 13 in Unarmed Combat
 12778 | Lair:1   | Noticed a six-headed hydra
 12789 | Lair:1   | HP: 21/101 [six-headed hydra (12)]
 12791 | Lair:1   | Killed a six-headed hydra
 13048 | Lair:1   | Noticed Grum
 13068 | Lair:1   | Killed Grum
 13068 | Lair:1   | Reached skill level 7 in Armour
 13180 | Lair:1   | Reached XP level 12. HP: 92/108 MP: 11/11
 14053 | Lair:2   | Reached skill level 1 in Shields
 14182 | Lair:2   | Reached skill level 2 in Shields
 14200 | Lair:2   | Gained mutation: You occasionally shout uncontrollably at
                  | your foes. [Ru sacrifice]
 14200 | Lair:2   | Reached ****** piety under Ru
 14543 | Lair:2   | Noticed a five-headed hydra
 14558 | Lair:2   | Killed a five-headed hydra
 14558 | Lair:2   | Reached skill level 3 in Shields
 15139 | Lair:3   | Noticed a catoblepas
 15164 | Lair:3   | Killed a catoblepas
 15164 | Lair:3   | Reached skill level 4 in Shields
 15254 | Lair:3   | Noticed Rupert
 15269 | Lair:3   | HP: 9/108 [Rupert/+0 vorpal great mace (38)]
 15269 | Lair:3   | HP: 3/108 [Rupert/+0 vorpal great mace (6)]
 15314 | Lair:3   | Reached skill level 8 in Armour
 15699 | Lair:3   | Reached skill level 11 in Fighting
 16123 | Lair:3   | HP: 27/111 [Rupert/+0 vorpal great mace (7)]
 16126 | Lair:3   | Killed Rupert
 16126 | Lair:3   | Reached skill level 12 in Fighting
 16126 | Lair:3   | Reached skill level 14 in Unarmed Combat
 16448 | Lair:3   | Found a broken altar of Ashenzari.
 16787 | Lair:4   | Reached XP level 13. HP: 119/119 MP: 12/12
 16799 | Lair:4   | Found a staircase to the Swamp.
 16825 | Lair:4   | Reached skill level 13 in Fighting
 17159 | Lair:4   | Found a staircase to the Snake Pit.
 17860 | Lair:4   | Reached skill level 14 in Fighting
 17863 | Lair:4   | HP: 37/124 [death yak (1)]
 18172 | Lair:4   | Reached skill level 15 in Unarmed Combat
 18313 | Lair:5   | Got a faintly humming chain mail
 18475 | Lair:5   | Identified the +1 chain mail "Pecu" {rC+ Str+2 Stlth+} (You
                  | found it on level 5 of the Lair of Beasts)
 18925 | Lair:5   | Reached skill level 15 in Fighting
 18999 | Lair:5   | Found a viscous altar of Jiyva.
 18999 | Lair:5   | Found a staircase to the Slime Pits.
 19468 | Lair:5   | Got a bloodstained war axe
 19469 | Lair:5   | Identified the +8 war axe of Terra Nullius {freeze, MR++
                  | Str+4 Dex+6} (You found it on level 5 of the Lair of
                  | Beasts)
 19494 | Lair:6   | Entered Level 6 of the Lair of Beasts
 20091 | Lair:6   | Reached XP level 14. HP: 136/136 MP: 13/13
 20219 | Lair:6   | Reached skill level 16 in Fighting
 20224 | Lair:6   | Reached skill level 16 in Unarmed Combat
 20461 | Lair:6   | Noticed an entropy weaver
 20464 | Lair:6   | Killed an entropy weaver
 21430 | Lair:6   | Noticed an entropy weaver
 21459 | Lair:6   | Killed an entropy weaver
 23093 | D:13     | Reached skill level 9 in Armour
 23377 | D:13     | Reached XP level 15. HP: 146/146 MP: 14/14
 24307 | D:14     | Reached skill level 10 in Armour
 24546 | D:14     | Reached skill level 17 in Fighting
 24808 | D:14     | Reached skill level 17 in Unarmed Combat
 25189 | D:14     | Found a gate to the Vaults.
 25668 | D:14     | Identified the amulet "Xusaaz" {Spirit +Inv rF- rN+ Dex+4}
                  | (You found it on level 14 of the Dungeon)
 25808 | D:11     | Found a staircase to the Orcish Mines.
 26080 | D:11     | Found a runed translucent door.
 26093 | D:11     | Found the +10 tower shield of Ignorance {rN+ Int-4}
 26098 | D:11     | Found a runed translucent door.
 26883 | D:11     | Found a roughly hewn altar of Beogh.
 27614 | D:15     | Entered Level 15 of the Dungeon
 28224 | D:15     | HP: 42/147 [tengu warrior/arrow[a tengu warrior] (18)]
 28234 | D:15     | HP: 24/147 [tengu warrior/+0 dire flail (13)]
 29158 | D:15     | Paralysed by an orc sorcerer for 4 turns
 29168 | D:15     | Paralysed by a great orb of eyes for 5 turns
 29211 | D:15     | Found a staircase to the Depths.
 29921 | D:15     | Identified the Handbook of Stolen Souls
 30201 | Orc:1    | Entered Level 1 of the Orcish Mines
 30764 | Orc:1    | Noticed Jorgrun
 30786 | Orc:1    | Killed Jorgrun
 31201 | Orc:2    | Entered Level 2 of the Orcish Mines
 31220 | Orc:2    | Noticed Azrael
 31232 | Orc:2    | Killed Azrael
 31612 | Orc:2    | Found a staircase to the Elven Halls.
 31788 | Orc:2    | Reached skill level 18 in Fighting
 32074 | Orc:2    | Reached XP level 16. HP: 84/157 MP: 15/15
 32182 | Orc:2    | Reached skill level 18 in Unarmed Combat
 32304 | Orc:2    | Paralysed by an orc sorcerer for 7 turns
 32336 | Orc:2    | HP: 44/157 [orc wizard/magic dart (4)]
 32342 | Orc:2    | HP: 36/157 [orc wizard/puff of frost (2)]
 33609 | Orc:2    | Found Mechu's Antique Armour Shop.
 33610 | Orc:2    | Found Ajusin's Antique Weapon Boutique.
 33615 | Orc:2    | Found Duiwkeud's General Store.
 33615 | Orc:2    | Found Etaaffie's Book Shop.
 34421 | Orc:2    | Bought a glowing cloak for 217 gold pieces
 34432 | Orc:2    | Bought a bronze ring mail for 261 gold pieces
 34442 | Orc:2    | Identified the +1 ring mail of Divine Compulsion {Dex+5
                  | Slay-5} (You bought it in a shop on level 2 of the Orcish
                  | Mines)
 34671 | Snake:1  | Entered Level 1 of the Snake Pit
 36395 | Snake:2  | HP: 44/159 [salamander/+0 spear (15)]
 36401 | Snake:2  | HP: 46/159 [salamander/+0 spear (12)]
 36402 | Snake:2  | Reached skill level 19 in Fighting
 36406 | Snake:2  | HP: 41/160 [naga mage/poison arrow (2)]
 36406 | Snake:2  | HP: 20/160 [guardian serpent (4)]
 36734 | Snake:2  | Found the +3 robe of Clouds {+Thunder rCloud rElec}
 36760 | Snake:2  | Found Hihenem's Weapon Emporium.
 36762 | Snake:2  | Found Kualump's Gadget Shoppe.
 37010 | Snake:2  | Reached skill level 19 in Unarmed Combat
 37614 | Snake:2  | Noticed Aizul
 37628 | Snake:2  | Killed Aizul
 38080 | Snake:3  | Noticed a nagaraja
 38086 | Snake:3  | Killed a nagaraja
 38086 | Snake:3  | Reached XP level 17. HP: 165/168 MP: 16/16
 38353 | Snake:3  | Found Sanyewif's Gadget Boutique.
 38846 | Snake:3  | Noticed Roxanne
 39249 | Snake:3  | HP: 47/168 [salamander/+0 halberd (9)]
 39789 | Snake:4  | Entered Level 4 of the Snake Pit
 39813 | Snake:4  | Noticed Saint Roka
 39839 | Snake:4  | Killed Saint Roka
 40615 | Snake:4  | Reached skill level 20 in Fighting
 40878 | Snake:4  | Reached skill level 20 in Unarmed Combat
 41196 | Snake:4  | Identified a scroll of acquirement
 41239 | Snake:4  | Reached XP level 18. HP: 101/180 MP: 17/17
 41262 | Snake:4  | Got a serpentine rune of Zot
 41560 | Snake:4  | Noticed Vashnia
 41589 | Snake:4  | Killed Vashnia
 42149 | Snake:4  | Acquired 743 gold pieces
 43129 | Vaults:1 | Entered Level 1 of the Vaults
 43425 | Vaults:1 | Reached skill level 21 in Fighting
 43712 | Vaults:1 | Reached skill level 21 in Unarmed Combat
 43896 | Vaults:1 | Found Moaxauq's Antique Armour Boutique.
 43900 | Vaults:1 | Bought a pair of runed boots for 240 gold pieces
 43910 | Vaults:1 | Identified a +0 pair of boots of running (You bought it in
                  | a shop on level 1 of the Vaults)
 45165 | Vaults:1 | Reached XP level 19. HP: 190/190 MP: 18/18
 45633 | Vaults:2 | Found Apuagei's Gadget Shop.
 45685 | Vaults:2 | Reached skill level 11 in Armour
 46558 | Vaults:2 | Found a staircase to the Crypt.
 47156 | Vaults:2 | Reached skill level 22 in Fighting
 47344 | Vaults:2 | HP: 50/191 [cyan very ugly thing (18)]
 47351 | Vaults:2 | HP: 53/191 [cyan very ugly thing (6)]
 47353 | Vaults:2 | Reached skill level 12 in Armour
 47354 | Vaults:2 | HP: 21/191 [yaktaur[a yaktaur captain] (10)]
 47361 | Vaults:2 | HP: 15/191 [rakshasa/+0 glaive (6)]
 47363 | Vaults:2 | Killed from afar by a rakshasa

Vanquished Creatures
  Saint Roka (Snake:4)
  Vashnia (Snake:4)
  Rupert (Lair:3)
  Jorgrun (Orc:1)
  A ghost moth (shapeshifter) (Vaults:1)
  11 nagarajas
  An orc warlord (Orc:2)
  4 ironheart preservers (Vaults:1)
  2 very ugly things (Vaults:2)
  4 vault wardens
  A stone giant (Vaults:2)
  3 entropy weavers
  Azrael (Orc:2)
  A dire elephant (D:15)
  4 yaktaur captains
  A fire dragon (Vaults:2)
  3 great orbs of eyes
  Harold (D:9)
  An ice dragon (Vaults:2)
  6 hydras
  Fannar (D:10)
  3 vault guards (Vaults:1)
  18 naga warriors
  A rakshasa (Vaults:1)
  4 catoblepae
  12 anacondas
  8 centaur warriors
  2 ogre magi
  11 two-headed ogres
  A deep troll shaman (Vaults:1)
  2 tengu warriors (D:15)
  An alligator (shapeshifter) (D:14)
  A queen ant (Lair:6)
  7 orc high priests (Orc:2)
  16 death yaks
  2 vampire magi (Vaults:2)
  18 naga sharpshooters
  5 shock serpents
  A deep elf knight (Vaults:2)
  4 salamander mystics
  5 skeletal warriors (Vaults:2)
  7 sea snakes (Snake:4)
  A glowing orange brain (Vaults:2)
  2 unseen horrors
  4 wizards
  3 deep elf archers
  7 deep trolls (Vaults:1)
  4 naga ritualists
  A lindwurm (D:14)
  16 orc knights
  11 deep elf magi
  6 orc sorcerers
  2 ironbrand convokers
  10 mana vipers
  A wolf spider (Vaults:2)
  12 cyclopes
  11 salamanders
  20 ugly things
  4 manticores
  6 vault sentinels
  16 naga magi
  22 black mambas
  A gargoyle (D:15)
  7 guardian serpents
  6 cane toads
  An efreet (D:13)
  A freezing wraith (D:13)
  A yaktaur (shapeshifter) (Vaults:1)
  7 yaktaurs (Vaults:2)
  6 komodo dragons
  3 meliai (D:13)
  8 trolls
  A jumping spider (Vaults:2)
  A hornet (Vaults:2)
  5 polar bears (Lair:3)
  24 dream sheep
  A stone giant simulacrum (Vaults:1)
  11 slime creatures
  2 hippogriffs
  A shadow (D:15)
  2 redbacks (Vaults:2)
  A spriggan (shapeshifter) (D:14)
  4 vampires
  44 yaks
  5 wyverns
  3 fire elementals (Orc:2)
  6 wraiths
  Grum (Lair:1)
  Menkaure (D:7)
  6 vampire mosquitoes
  5 wargs
  59 nagas
  8 water moccasins
  3 hell hounds (Orc:2)
  23 soldier ants (Lair:6)
  15 porcupines
  2 ice beasts
  50 orc warriors
  5 phantoms
  A sky beast (D:9)
  7 black bears
  14 ogres
  20 centaurs
  An eye of draining (D:15)
  21 wolves
  10 crocodiles
  19 bullfrogs
  3 big kobolds
  2 wyvern zombies
  2 scorpions (D:8)
  2 wyvern skeletons
  34 killer bees
  10 wights
  2 howler monkeys
  3 electric eels
  A wyvern simulacrum (D:14)
  A quasit (D:11)
  2 centaur zombies
  2 bullfrog zombies
  8 hounds
  5 jellies
  35 orc priests
  4 centaur skeletons
  25 orc wizards
  7 bullfrog skeletons
  4 iguanas
  29 worker ants
  2 killer bee zombies
  2 hound skeletons
  2 howler monkey skeletons
  A worker ant zombie (D:5)
  11 gnolls
  17 adders
  A shadow imp (D:6)
  8 ufetubi
  2 adder skeletons
  7 leopard geckos
  124 orcs
  3 giant cockroaches
  10 goblins
  11 hobgoblins
  8 jackals
  25 kobolds
  7 quokkas
  3 ball pythons
  8 bats
  5 frilled lizards
  A giant cockroach zombie (D:5)
  2 gnoll zombies (D:7)
  A jackal skeleton (D:6)
  A leopard gecko skeleton (D:3)
  A leopard gecko zombie (D:5)
  A quokka zombie (D:8)
  8 rats
1214 creatures vanquished.

Vanquished Creatures (others)
  Aizul (Snake:2)
  A jiangshi (Vaults:2)
  2 hydras (Lair:6)
  2 anacondas (Snake:4)
  A two-headed ogre (D:14)
  A death yak (Lair:6)
  An unseen horror (D:15)
  A yaktaur (Vaults:2)
  4 nagas (Snake:4)
  An orc warrior (D:11)
  A crocodile (Lair:1)
  7 orcs
  A leopard gecko skeleton (D:8)
  36 fungi
  75 plants
135 creatures vanquished.

Grand Total: 1349 creatures vanquished
